 Dungeon Crawl Stone Soup version 0.30.0-10-gfe55d96785 (webtiles) character file.

Game seed: 3199105123483328498

59 dialectric the Shield-Bearer (level 3, 0/27 HPs)
             Began as a Demonspawn Wanderer on May 14, 2023.
             Slain by an orc
             ... wielding a +0 flail
              (1 damage)
             ... on level 2 of the Dungeon.
             The game lasted 00:02:29 (1346 turns).

dialectric the Shield-Bearer (Demonspawn Wanderer)  Turns: 1346, Time: 00:02:29

Health: 0/27       AC: 11    Str: 13    XL:     3   Next: 78%
Magic:  3/4        EV: 10    Int: 12    God:
Gold:   69         SH:  5    Dex: 14    Spells: 3/4 levels left

rFire   . . .        f - +0 short sword
rCold   . . .        e - +0 buckler {AC+3}
rNeg    + . .        i - +2 ring mail {rN+}
rPois   .            (no helmet)
rElec   +            (no cloak)
rCorr   .            (no gloves)
SInv    .            r - +0 pair of boots of Liemext {Harm rElec}
Will    .....        (no amulet)
Stlth   +            (no ring)
HPRegen 0.24/turn    (no ring)
MPRegen 0.18/turn

%: harm (+30% outgoing, +20% incoming)
@: very slightly contaminated
A: magic regeneration
a: no special abilities


You were on level 2 of the Dungeon.
You visited 1 branch of the dungeon, and saw 2 of its levels.

You collected 69 gold pieces.

Inventory:

Hand Weapons
 a - a +0 club
 f - a +0 short sword (weapon)
Armour
 d - a +0 leather armour
 e - a +0 buckler of protection (worn)
 i - a +2 ring mail of positive energy (worn)
 r - the +0 pair of boots of Liemext (worn) {Harm rElec}
   (You found it on level 2 of the Dungeon)

   rElec:     It insulates you from electricity.
   Harm:      It increases damage dealt and taken.
Jewellery
 t - an amulet of regeneration
Scrolls
 c - a scroll of vulnerability
 g - 2 scrolls of identify {unknown}
 j - 2 scrolls of noise {unknown}
 k - a scroll of acquirement {unknown}
 l - 2 scrolls of teleportation {unknown}
 m - a scroll of fear {unknown}
 n - a scroll of immolation {unknown}
 o - a scroll of fog {unknown}
 p - a scroll of magic mapping {unknown}
Potions
 b - a potion of curing
 h - a potion of degeneration {unknown}
 q - a potion of heal wounds {unknown}
 s - a potion of brilliance {unknown}


   Skills:
 + Level 2.0 Fighting
 + Level 1.0 Short Blades
 + Level 0.6 Armour
 * Level 1.3 Dodging
 + Level 4.0 Shields
 - Level 1.0 Spellcasting
 - Level 3.3 Poison Magic


You had 3 spell levels left.
You knew the following spells:

 Your Spells              Type           Power      Damage    Failure   Level
a - Sting                 Tmut/Pois      16%        1d3       41%         1

Your spell library contained the following spells:

 Spells                   Type           Power      Damage    Failure   Level
 Apportation              Tloc           0%         N/A       65%         1
 Necrotise                Necr           0%         1d4       65%         1
 Summon Small Mammal      Summ           0%         N/A       65%         1
 Spider Form              Tmut/Pois      4%         N/A       78%         3
 Inner Flame              Hex/Fire       0%         N/A       95%         3
 Yara's Violent Unravell  Hex/Tmut       0%         3d3       100%        5
 Enfeeble                 Hex            0%         N/A       100%        7


Dungeon Overview and Level Annotations

Branches:
Dungeon (2/15)

Altars:

Shops:
D:2 *


Innate Abilities, Weirdness & Mutations

You regenerate magic rapidly.


Message History

The orc is moderately wounded.
The orc barely misses you.
You hit the orc but do no damage.
The orc is moderately wounded.
The orc barely misses you.
You hit the orc but do no damage.
The orc is moderately wounded.
The orc hits you with a +0 flail.
* * * LOW HITPOINT WARNING * * *
Unknown command.
You feel better. The orc hits you with a +0 flail.
You hit the orc.
The orc is heavily wounded.
The orc hits you but does no damage.
You barely miss the orc.
The orc is heavily wounded.
You block the orc's attack.
You closely miss the orc.
The orc is heavily wounded.
The orc hits you but does no damage.
You closely miss the orc.
The orc is heavily wounded.
The orc hits you with a +0 flail.
* * * LOW HITPOINT WARNING * * *
You hit the orc but do no damage.
The orc is heavily wounded.
The orc hits you with a +0 flail.
* * * LOW HITPOINT WARNING * * *
You barely miss the orc.
The orc is heavily wounded.
You block the orc's attack.
Casting: Sting (safe; 41% risk of failure)
Confirm with . or Enter, or press ? or * to list all spells.
Aiming: Sting (safe; 41% risk of failure)
Press: ? - help, Shift-Dir - straight line, f/p - orc
Aim: an orc, wielding a +0 flail, wearing a +0 chain mail and quivering boomerangs (heavily wounded, 74% to hit)
You miscast Sting.
You are very lightly contaminated with residual magic.
Nothing appears to happen.
The orc hits you with a +0 flail.
You die...

####.#.#.# #..
..##........####... ##
##..................
...##......###.###..####
#....##.## #...#.#
#..... ###...#
#..######.....#
#.........##..#
##@#####....#..#
..######o# #..##....#
.......oK# #..## ###..#
(.......##...# ....
...........## .###
........o....>.
........#######
........# ........#


You could see 2 orcs and a kobold.

Vanquished Creatures
  An adder (D:2)
  3 dart slugs
  An orc (D:2)
  4 ball pythons
  4 bats (D:1)
  4 endoplasms
  3 giant cockroaches
  3 goblins
  6 hobgoblins
  A kobold (D:1)
  3 quokkas (D:1)
  3 frilled lizards
  A rat (D:1)
37 creatures vanquished.

Notes
Turn   | Place    | Note
-------+----------+-------------------------------------------
     0 | D:1      | dialectric the Demonspawn Wanderer began the quest for the
                  | Orb.
     0 | D:1      | dialectric set off with the following items: a +0 club, a
                  | potion of curing, a scroll of vulnerability, a +0 leather
                  | armour, a +0 buckler of protection; and the following spell
                  | memorised: Sting; and the following spells available to
                  | memorise: Spider Form.
     0 | D:1      | Reached XP level 1. HP: 16/16 MP: 2/2
   167 | D:1      | Gained mutation: You regenerate magic rapidly. [demonic
                  | ancestry]
   167 | D:1      | Reached XP level 2. HP: 20/22 MP: 3/3
   333 | D:1      | Reached skill level 4 in Shields
   533 | D:1      | Reached XP level 3. HP: 20/27 MP: 2/4
  1141 | D:2      | Identified the +0 pair of boots of Liemext {Harm rElec}
  1211 | D:2      | Reached skill level 1 in Dodging
  1303 | D:2      | Found Nusa's General Store.
  1329 | D:2      | Reached skill level 1 in Short Blades
  1344 | D:2      | HP: 1/27 [orc/+0 flail (7)]
  1346 | D:2      | Slain by an orc

Illustrated notes

Levels and vault maps discovered:
D:1:      amcnicky_arrival_gap_in_the_tavern_cellar, layout_basic
D:2:      layout_rooms, serial_shops, shop, grunt_ministairs_14

Skill      XL: |  1  2  3 |
---------------+----------+-----
Shields        | 4 |  4.0
Dodging        | 1 |  1.3
Short Blades   | 1 |  1.0
Fighting       | |  2.0
Armour         | |  0.6
Spellcasting   | |  1.0
Poison Magic   | |  3.3

Action                     || total
---------------------------++-------
  Melee: Short sword       ||   173
         Club              ||     5
   Cast: Sting             ||     6
    Use: Potion            ||     1
 Armour: Leather armour    ||    30
         Ring mail         ||    73
  Dodge: Dodged            ||    91
  Block: Buckler           ||    64
